 Dungeon Crawl Stone Soup version 0.30-a0-782-ge64f9170bb (webtiles) character file.

Game seed: 10694995826196057947

4 pener the Covered (level 1, 20/20 HPs)
             Began as a Minotaur Fighter on Mar 1, 2023.
             Quit the game on level 1 of the Dungeon on Mar 13, 2023.
             The game lasted 00:01:40 (131 turns).

pener the Covered (Minotaur Fighter)                 Turns: 131, Time: 00:01:41

Health: 20/20      AC:  7    Str: 20    XL:     1   Next: 58%
Magic:  0/0        EV:  9    Int:  5    God:
Gold:   10         SH:  4    Dex:  9    Spells: 0/0 levels left

rFire   . . .      SeeInvis .    a - +0 war axe
rCold   . . .      Faith    .    c - +0 buckler
rNeg    . . .      Spirit   .    b - +0 scale mail
rPois   .          Reflect  .    (helmet restricted)
rElec   .          Harm     .    (no cloak)
rCorr   .          Rampage  .    (no gloves)
Will    .....                    (no boots) Stlth
                                 (no amulet)
HPRegen 0.23/turn                (no ring)
MPRegen 0.07/turn                (no ring)

@: no status effects
A: horns 2, retaliatory headbutt
a: no special abilities


You were on level 1 of the Dungeon.
You visited 1 branch of the dungeon, and saw 1 of its levels.

You collected 10 gold pieces.

Inventory:

Hand Weapons
 a - a +0 war axe (weapon)
Armour
 b - a +0 scale mail (worn)
 c - a +0 buckler (worn)
Scrolls
 f - a scroll of enchant weapon {unknown}
 g - a scroll of immolation {unknown}
Potions
 d - a potion of might
 e - a potion of brilliance {unknown}


   Skills:
 + Level 3.7 Fighting
 + Level 2.5 Axes
 + Level 3.7 Armour
 + Level 3.7 Shields


You couldn't memorise any spells.
You didn't know any spells.
Your spell library was empty.

Dungeon Overview and Level Annotations

Branches:
Dungeon (1/15)

Altars:

Shops:
D:1 (


Innate Abilities, Weirdness & Mutations

You have a pair of horns on your head.
You reflexively headbutt those who attack you in melee.


Message History

A ball python comes into view.
The ball python hisses angrily.
A ball python is nearby!
A bat comes into view.
Found a stone staircase leading down.
You barely miss the bat. You block the bat's attack.
The bat hits you but does no damage.
You barely miss the bat. Your headbutt misses the bat.
The bat hits you but does no damage. The bat barely misses you.
You furiously retaliate!
You headbutt the bat. The bat hits you. You block the ball python's attack.
The ball python grabs you. The ball python constricts you.
You completely miss the ball python.
You headbutt the ball python, but do no damage.
You hit the bat.
You kill the bat!
The ball python bites you but does no damage.
The ball python constricts you. The ball python bites you.
The ball python constricts you.
You hit the ball python.
You kill the ball python!
No target in view!
A bat comes into view.
You see here a scroll labelled DEYTIN LALO.
A bat is nearby!
The bat hits you but does no damage.
You barely miss the bat. You block the bat's attack.
The bat hits you but does no damage.
You miss the bat. The bat hits you but does no damage.
You completely miss the bat. You headbutt the bat.
You kill the bat!
No target in view!
No target in view!
There are no items here.
g - a scroll labelled DEYTIN LALO Unknown command.
Save game and exit?
Welcome back, pener the Minotaur Fighter.
Press ? for a list of commands and other information.
Are you sure you want to abandon this character and quit the game? (Confirm with "yes".)

.........#
########..#).
##.####..# ###...
#.......# #...
######.######
#... #.##...####
##.† ##.#........
##.
######.........#
##
...>............#
....##...@.†....#
.# #.###.....##
#. ##...## #.
#### #. ..


There were no monsters in sight!

Vanquished Creatures
  2 bats (D:1)
  A ball python (D:1)
  2 frilled lizards (D:1)
  A rat (D:1)
6 creatures vanquished.

Notes
Turn   | Place    | Note
-------+----------+-------------------------------------------
     0 | D:1      | pener the Minotaur Fighter began the quest for the Orb.
     0 | D:1      | Reached XP level 1. HP: 19/19 MP: 0/0
    61 | D:1      | Found Cenoelept's Weapon Emporium.
   131 | D:1      | Quit the game

Illustrated notes

Levels and vault maps discovered:
D:1:      dpeg_arrival_windows_large_door, layout_loops_cross, serial_shops,
          nicolae_shop_bloodbath_and_beyond

Action                     || total
---------------------------++-------
  Melee: War axe           ||    13
         Headbutt          ||     3
 Armour: Scale mail        ||     9
  Dodge: Dodged            ||     2
  Block: Buckler           ||     4

Table legend: (Time is in decaauts)
 A = Elapsed time spent in this place.
 B = Non-inter-level travel time spent in this place.
 C = Inter-level travel time spent in this place.
 D = Time resting spent in this place.
 E = Time spent auto-exploring this place.
 F = Levels seen in this place.
 G = Mean time per level.
                   A        B        C        D        E       F      G
               +--------+--------+--------+--------+--------+-----+--------+
         Total |    136 |    112 |     24 |      0 |     73 |   1 |  136.0 |
       Dungeon |    136 |    112 |     24 |      0 |     73 |   1 |  136.0 |
               +--------+--------+--------+--------+--------+-----+--------+

Top non-repeatable levels by time:
     D:1: 136 daAuts
